 Dungeon Crawl Stone Soup version 0.24.1-14-gf8d2b509d9 (webtiles) character file.

Game seed: 4915337516587812828, levelgen mode: deterministic

218461 nightchill the Warrior (level 19, -24/132 HPs)
             Began as a Kobold Berserker on May 24, 2020.
             Was an Elder of Trog.
             Killed from afar by a frost giant (32 damage)
             ... with a bolt of cold
             ... on level 4 of the Shoals on May 25, 2020.
             The game lasted 04:23:55 (77859 turns).

nightchill the Warrior (Kobold Berserker)          Turns: 77859, Time: 04:23:56

Health: -24/132    AC: 15    Str: 21 (22) XL:     19   Next: 86%
Magic:  0/29       EV: 18    Int: 10 (11) God:    Trog [****..]
Gold:   644        SH: 18    Dex: 14 (17) Spells: 18/18 levels left

rFire    + . .     SeeInvis .   b - +5 hand crossbow (velocity)
rCold    . . .     Gourm    .   j - +2 shield
rNeg     + . .     Faith    .   g - +0 chain mail {MR+}
rPois    .         Spirit   +   Y - +1 helmet
rElec    .         Reflect  +   v - scarf {Spirit}
rCorr    .         Harm     .   (no gloves)
MR       ++...                  F - +0 pair of boots
Stlth    ..........             y - +2 amulet of reflection
HPRegen  0.32/turn              U - ring of protection from fire
MPRegen  0.21/turn              p - ring of Xuejorph {+Blink +Fly rN+ Int+3 Dex+2}

@: mesmerised, lightly drained, very slow
A: small, carnivore
}: 1/15 runes: gossamer
a: Berserk, Trog's Hand, Brothers in Arms, Renounce Religion, Evoke Blink, Evoke
Flight


You were on level 4 of the Shoals.
You worshipped Trog.
Trog was greatly pleased with you.
You were completely stuffed.

You visited 6 branches of the dungeon, and saw 32 of its levels.
You also visited: Ossuary.

You collected 2483 gold pieces.
You spent 1839 gold pieces at shops.

Inventory:

Hand Weapons
 a - a +7 quick blade
 b - a +5 hand crossbow of velocity (weapon)
 w - a +3 short sword of venom
 W - a +0 rapier
Missiles
 t - 123 bolts (quivered)
 C - 83 boomerangs
 H - 8 throwing nets
 K - 84 poisoned darts
 X - 17 curare-tipped darts
Armour
 g - a +0 chain mail of magic resistance (worn)
 j - a +2 shield (worn)
 v - a scarf of spirit shield (worn)
 F - a +0 pair of boots (worn)
 G - a +3 plate armour of poison resistance
 P - the +1 chain mail of the Iron Devil {rElec Dex+5 Stlth+}
   (You found it on level 6 of the Dungeon)

   It affects your dexterity (+5).
   It insulates you from electricity.
   It makes you more stealthy.
 Y - a +1 helmet (worn)
Jewellery
 p - the ring of Xuejorph (right hand) {+Blink +Fly rN+ Int+3 Dex+2}
   (You bought it in a shop on level 2 of the Orcish Mines)

   [ring of flight]

   It affects your intelligence (+3).
   It affects your dexterity (+2).
   It protects you from negative energy.
   It lets you fly.
   It lets you blink.
 y - a +2 amulet of reflection (around neck)
 D - an uncursed ring of resist corrosion
 R - an uncursed ring of protection from cold
 S - an uncursed ring of protection from fire
 U - a ring of protection from fire (left hand)
Wands
 f - a wand of polymorph (16)
 k - a wand of iceblast (18)
 s - a wand of flame (23)
 J - a wand of paralysis (11)
 L - a wand of digging (10)
 Q - a wand of disintegration (16)
 Z - a wand of acid (4)
Scrolls
 d - 2 scrolls of fog
 i - 6 scrolls of identify
 n - 12 scrolls of teleportation
 q - 3 scrolls of magic mapping
 r - 2 scrolls of fear
 A - 12 scrolls of enchant armour
 O - 4 scrolls of remove curse
Potions
 e - a potion of heal wounds
 l - 6 potions of agility
 o - 3 potions of haste
 u - a potion of resistance
 x - a potion of invisibility
 z - 5 potions of curing
 B - a potion of berserk rage
 E - 5 potions of brilliance
 I - 5 potions of flight
 T - 4 potions of lignification
 V - 2 potions of cancellation
Miscellaneous
 N - a phial of floods
Comestibles
 c - 18 rations
 h - 10 chunks of flesh


   Skills:
 + Level 18.7(18.5) Fighting
 - Level 11.0(10.8) Short Blades
 - Level 10.0(9.9) Crossbows
 - Level 10.0(9.8) Armour
 - Level 15.0(14.8) Dodging
 + Level 13.4(13.2) Shields
 + Level 13.6(13.4) Evocations


You had 18 spell levels left.
You didn't know any spells.
Your spell library contained the following spells:

 Spells                   Type           Power        Failure   Level  Hunger
 Beastly Appendage        Tmut           #.....       99%         1    ##.....
 Confusing Touch          Hex            #.....       99%         1    ##.....
 Flame Tongue             Conj/Fire      #....        99%         1    ##.....
 Magic Dart               Conj           #...         99%         1    ##.....
 Sandblast                Erth           #.....       99%         1    ##.....
 Blink                    Tloc           N/A          100%        2    ###....
 Call Imp                 Summ           #.......     100%        2    ###....
 Passwall                 Tmut/Erth      #.......     100%        2    ###....
 Poisonous Vapours        Pois/Air       #.....       100%        2    ###....
 Slow                     Hex            #.......     100%        2    ###....
 Sticks to Snakes         Tmut           #.......     100%        2    ###....
 Swiftness                Chrm/Air       #.......     100%        2    ###....
 Throw Flame              Conj/Fire      #.....       100%        2    ###....
 Confuse                  Hex            #.......     100%        3    ####...
 Conjure Flame            Conj/Fire      #.......     100%        3    ####...
 Gell's Gravitas          Tloc           #.........   100%        3    ####...
 Inner Flame              Hex/Fire       #.......     100%        3    ####...
 Mephitic Cloud           Conj/Pois/Air  #.......     100%        3    ####...
 Spider Form              Tmut/Pois      #.........   100%        3    ####...
 Stone Arrow              Conj/Erth      #.....       100%        3    ####...
 Ice Form                 Ice/Tmut       #.......     100%        4    #####..
 Passage of Golubria      Tloc           N/A          100%        4    #####..
 Petrify                  Tmut/Erth      #.......     100%        4    #####..
 Sticky Flame             Conj/Fire      #.......     100%        4    #####..
 Blade Hands              Tmut           #.........   100%        5    ######.
 Fireball                 Conj/Fire      #.........   100%        5    ######.
 Lee's Rapid Deconstruct  Erth           #.........   100%        5    ######.
 Metabolic Englaciation   Hex/Ice        #.........   100%        5    ######.
 Yara's Violent Unravell  Hex/Tmut       #.........   100%        5    ######.
 Darkness                 Hex            #.........   100%        6    #######
 Freezing Cloud           Conj/Ice/Air   #.........   100%        6    #######
 Invisibility             Hex            #.......     100%        6    #######
 Ring of Flames           Chrm/Fire      #.........   100%        7    #######


Dungeon Overview and Level Annotations

Branches:
Dungeon (15/15)            Temple (0/1) D:7            Lair (6/6) D:9
 Shoals (4/4) Lair:4       Spider (4/4) Lair:2        Slime (0/5) Lair:6
    Orc (2/2) D:9             Elf (1/3) Orc:2        Vaults (0/5) D:14
Ossuary (visited)
 Depths: D:15

Altars:
Cheibriados
Okawaru
The Shining One

Shops:
D:5 *   D:7 (   D:11 !   Orc:1 *   Orc:2 ([*=

Annotations:
D:5 3 runed translucent doors, vs12's ghost, amateur MiGl
D:7 1 runed translucent door
D:10 exclusion: downstairs
D:11 exclusion: downstairs
D:14 exclusions: door and downstairs
D:15 Louise
Lair:1 exclusion: 2 oklob plants
Lair:2 2 exclusions
Lair:3 exclusion: oklob plant
Lair:4 exclusion: downstairs
Lair:5 exclusions: downstairs and 1 more exclusion
Shoals:1 1 runed translucent door, Jopnatru's ghost, adept FoFi
Spider:1 exclusion: 2 downstairs
Spider:2 !all of the stairs horrible


Innate Abilities, Weirdness & Mutations

You are small and have problems with some larger weapons.
You are carnivorous and can eat meat at any time.


Message History

You block the merfolk impaler's attack. The frost giant casts a spell at you.
The bolt of cold hits you!!!
* * * LOW HITPOINT WARNING * * *
The merfolk impaler closely misses you.
Firing (i - inventory. (/) - cycle)
t - 124 bolts (quivered)
Press: ? - help, Shift-Dir - straight line, f/p - frost giant
Aim: a frost giant, wielding a +2 battleaxe of freezing (almost dead)
You shoot a bolt.
The bolt hits the frost giant but does no damage.
The frost giant is almost dead.
You hear a splash.
You are engulfed in freezing vapours.
* * * LOW HITPOINT WARNING * * *
You block the merfolk aquamancer's attack.
The merfolk impaler hits you but does no damage.
The merfolk siren chants its luring song.
The frost giant points at you and mumbles some strange words.
The bolt of cold hits you!!
You die...

##.≈≈.≈≈≈≈≈≈≈≈≈≈.#,,,≈,,,*≈≈P..≈≈
..≈(≈≈≈≈≈≈≈≈≈≈≈≈≈##,≈,*,**≈,PP≈≈≈
.≈≈≈≈≈≈≈≈≈≈≈≈≈≈≈≈≈######*≈≈,....≈
≈≈≈≈≈.≈≈≈≈≈≈≈≈≈≈≈≈≈.#≈≈##≈≈,.P#.≈
.≈≈≈≈.≈≈≈≈≈≈≈≈≈≈≈≈......≈≈≈,....≈
)≈≈≈≈≈≈≈≈≈≈≈≈≈≈≈.........,,,.P≈≈≈
####≈≈≈≈≈≈≈#####.....m...,,,.≈≈≈≈
≈≈≈##≈≈≈≈≈##≈≈≈○≈%.......,≈≈≈≈≈≈≈
≈≈≈≈##≈≈≈##≈≈≈≈.@mm......,≈≈≈≈≈≈≈
≈)≈≈≈##≈##≈≈≈≈≈≈.C.......≈≈≈≈≈≈≈≈
##≈≈≈≈≈≈≈≈≈≈≈###.(.......≈≈≈≈≈≈≈≈
≈##≈≈≈≈)≈≈≈≈##≈≈≈(≈≈....≈≈≈≈≈≈≈≈≈
≈≈##≈≈≈)≈≈≈##≈≈≈≈≈≈≈≈≈≈≈≈≈≈≈≈≈≈≈≈
≈≈≈#########≈≈≈≈≈≈≈≈≈≈≈≈≈≈≈≈≈≈≈≈≈
≈≈≈≈≈≈≈≈≈≈≈≈≈≈≈≈≈≈≈≈≈≈≈≈≈≈≈≈≈≈≈≈≈
≈≈≈≈≈≈≈≈≈≈≈≈≈≈≈≈≈≈≈≈≈≈≈≈≈≈≈≈≈≈≈≈≈
≈≈≈≈≈≈≈≈≈≈≈≈≈≈≈≈≈≈≈≈≈≈≈≈≈≈≈≈≈≈≈≈≈


You could see a frost giant, a merfolk impaler, a merfolk aquamancer and a
merfolk siren.

Vanquished Creatures
  Arachne (Spider:2)
  Asterion (Spider:3)
  Frances (D:13)
  Ilsuiw (Shoals:2)
  8 ghost moths
  An orc warlord (Orc:2)
  Aizul (Spider:3)
  7 emperor scorpions (Spider:4)
  4 entropy weavers
  2 spark wasps (Spider:4)
  4 merfolk javelineers
  2 merfolk impalers
  6 hydras
  Harold (D:11)
  Fannar (D:10)
  2 merfolk avatars
  An ice dragon (D:12)
  4 vault guards
  Erica (D:10)
  A death knight (D:11)
  3 alligator snapping turtles
  2 centaur warriors
  A merfolk aquamancer (Shoals:3)
  5 death yaks (Lair:5)
  A catoblepas (Lair:2)
  2 tengu warriors (D:14)
  5 dancing weapons (Elf:1)
  3 two-headed ogres (D:10)
  5 orc high priests
  Urug (Orc:1)
  Nergalle (Lair:3)
  2 deep elf knights (Elf:1)
  7 sea snakes
  2 skeletal warriors
  An unseen horror (D:14)
  Pikel (D:7)
  4 orc knights
  7 harpies
  10 orb spiders
  14 wolf spiders
  4 ugly things
  8 deep elf magi
  3 orc sorcerers (Orc:2)
  2 cyclopes (Shoals:2)
  6 fauns
  10 manticores
  16 elephants
  3 merfolk sirens
  A torpor snail (Spider:1)
  12 black mambas
  A guardian serpent (Lair:6)
  Psyche (D:9)
  17 spiny frogs
  A water nymph (Shoals:1)
  A rime drake (Lair:6)
  3 kobold demonologists
  10 komodo dragons
  A freezing wraith (D:11)
  14 demonic crawlers
  A tengu conjurer (D:14)
  31 jumping spiders
  7 trolls
  32 merfolk
  Prince Ribbit (D:6)
  5 hornets
  3 slime creatures
  2 wind drakes
  2 polar bears (Lair:6)
  12 dream sheep
  A blink frog (Lair:6)
  Grinder (D:5)
  8 hippogriffs
  2 snapping turtles
  12 wyverns
  22 tarantellas
  97 redbacks
  A spriggan (shapeshifter) (D:14)
  A wraith (D:11)
  23 yaks
  5 basilisks
  Eustachio (D:5)
  4 hogs (D:7)
  A human (D:7)
  6 water elementals
  2 steam dragons
  5 vampire mosquitoes (D:14)
  4 wargs
  2 acid dragons
  4 soldier ants
  6 porcupines
  37 orc warriors
  29 water moccasins
  3 sky beasts
  An eye of draining (D:10)
  2 black bears
  An ice beast (D:12)
  A slave (D:7)
  3 phantoms
  A necrophage (D:11)
  14 ogres
  8 centaurs
  11 crocodiles
  13 wolves
  4 big kobolds
  18 bullfrogs
  A wyvern zombie (D:14)
  A water moccasin zombie (D:7)
  A water moccasin skeleton (D:12)
  4 scorpions (Ossuary)
  21 killer bees
  4 wights
  8 electric eels
  2 howler monkeys (D:11)
  2 crimson imps
  5 centaur zombies
  2 human zombies (Ossuary)
  5 jellies
  6 hounds
  28 orc wizards
  A bullfrog skeleton (D:5)
  27 orc priests
  6 centaur skeletons
  Jessica (D:2)
  4 iguanas
  7 worker ants
  5 big kobold zombies (Ossuary)
  A hound zombie (D:7)
  A hound skeleton (D:3)
  3 mummies (Ossuary)
  A worker ant zombie (D:5)
  2 scorpion zombies (Ossuary)
  13 adders
  5 shadow imps
  12 white imps
  2 oozes (D:7)
  2 adder skeletons
  2 worms (D:3)
  2 dart slugs
  3 leopard geckos
  89 orcs
  11 bats
  3 giant cockroaches
  6 goblins
  4 hobgoblins
  16 jackals
  2 quokkas (D:7)
  A ball python (D:6)
  4 frilled lizards
  2 goblin zombies (Ossuary)
  A hobgoblin zombie (Ossuary)
  12 kobolds
  3 kobold zombies (Ossuary)
  A leopard gecko zombie (D:7)
  An orc zombie (Ossuary)
  5 rats
  A plant (Lair:6)
1043 creatures vanquished.

Vanquished Creatures (collateral kills)
  A dire elephant (Lair:5)
  The ghost of Rastanax the Cleaver, a journeyman GrFi of Zin (D:11)
  2 deep elf magi (Elf:1)
  A snapping turtle (Shoals:4)
  A spriggan (Lair:5)
6 creatures vanquished.

Vanquished Creatures (others)
  A deep elf annihilator (Elf:1)
  A centaur warrior (D:14)
  A deep elf knight (Elf:1)
  Sonja (D:11)
  3 cyclopes
  2 merfolk
  A dream sheep (Shoals:2)
  A shadow (D:14)
  3 orc warriors
  2 slaves (D:7)
  3 centaurs
  A killer bee (D:7)
  4 orcs
  76 fungi
  50 plants
150 creatures vanquished.

Grand Total: 1199 creatures vanquished

Notes
Turn   | Place    | Note
-------+----------+-------------------------------------------
     0 | D:1      | nightchill the Kobold Berserker began the quest for the
                  | Orb.
     0 | D:1      | Reached XP level 1. HP: 14/14 MP: 1/1
   205 | D:1      | Reached XP level 2. HP: 16/19 MP: 2/2
   690 | D:1      | Reached XP level 3. HP: 20/23 MP: 3/3
  1603 | D:2      | Reached skill level 5 in Short Blades
  1612 | D:2      | Reached ** piety under Trog
  1953 | D:2      | Found a faded altar of an unknown god.
  2120 | D:2      | Reached skill level 4 in Fighting
  2120 | D:2      | Reached XP level 4. HP: 6/29 MP: 4/4
  2126 | D:2      | Reached XP level 5. HP: 11/33 MP: 5/5
  2900 | D:2      | Noticed Jessica
  2906 | D:2      | Killed Jessica
  3257 | D:3      | Reached XP level 6. HP: 27/39 MP: 6/6
  4591 | D:4      | Noticed an ogre
  4591 | D:4      | You fall into a shaft and drop 2 floors!
  4598 | D:6      | Reached skill level 5 in Fighting
  4598 | D:6      | Reached XP level 7. HP: 41/44 MP: 7/7
  4614 | D:6      | Found a snail-covered altar of Cheibriados.
  4717 | D:6      | Found a sand-covered staircase.
  4727 | Ossuary  | Entered an ossuary
  4769 | Ossuary  | Reached skill level 5 in Dodging
  5189 | Ossuary  | Reached XP level 8. HP: 50/50 MP: 8/8
  5610 | Ossuary  | Reached *** piety under Trog
  5939 | D:6      | Reached skill level 6 in Fighting
  6178 | D:5      | Entered Level 5 of the Dungeon
  6178 | D:5      | Noticed Eustachio
  6231 | D:5      | Killed Eustachio
  6263 | D:5      | Noticed Grinder
  6278 | D:5      | Paralysed by Grinder for 5 turns
  6291 | D:5      | Killed Grinder
  6291 | D:5      | Reached skill level 10 in Short Blades
  6387 | D:5      | Reached XP level 9. HP: 56/56 MP: 9/9
  6457 | D:5      | Found a runed translucent gate.
  6457 | D:5      | Found a runed translucent gate.
  6457 | D:5      | Found a runed translucent gate.
  7049 | D:4      | Reached skill level 7 in Fighting
  7626 | D:5      | Found Gusor's Assorted Antiques.
  7770 | D:5      | Noticed vs12's ghost (amateur MiGl)
  8025 | D:6      | Got a smoking hand axe
  8032 | D:6      | Got a dazzling chain mail
  8040 | D:6      | Noticed Prince Ribbit
  8059 | D:6      | Killed Prince Ribbit
  8059 | D:6      | Reached skill level 1 in Evocations
  8183 | D:5      | Identified the cursed +1 hand axe of the Fool {chop, Dex+3}
                  | (You found it on level 6 of the Dungeon)
  8187 | D:5      | Identified the cursed +1 chain mail of the Iron Devil
                  | {rElec Dex+5 Stlth+} (You found it on level 6 of the
                  | Dungeon)
  8720 | D:7      | Found a staircase to the Ecumenical Temple.
  9038 | D:7      | Reached skill level 1 in Shields
  9045 | D:7      | Found the +9 staff of Olgreb {rPois}
  9055 | D:7      | Noticed Pikel
  9106 | D:7      | Reached skill level 8 in Fighting
  9247 | D:7      | Found a runed translucent gate.
  9247 | D:7      | Found a runed translucent gate.
  9248 | D:7      | Found a runed translucent door.
  9258 | D:7      | Found a runed translucent gate.
  9266 | D:7      | Found a runed translucent door.
  9414 | D:7      | Found Itudyb's Weapon Shoppe.
  9424 | D:7      | Bought a +0 quick blade for 165 gold pieces
  9469 | D:7      | Reached XP level 10. HP: 51/64 MP: 12/12
  9959 | D:8      | Reached skill level 9 in Fighting
 10868 | D:8      | Identified a scroll of acquirement
 11112 | D:9      | Reached skill level 5 in Evocations
 11227 | D:9      | Found a staircase to the Orcish Mines.
 11593 | D:9      | Noticed Psyche
 11623 | D:9      | Killed Psyche
 11623 | D:9      | Reached skill level 10 in Fighting
 11959 | D:9      | Noticed a komodo dragon
 11989 | D:9      | Killed a komodo dragon
 11989 | D:9      | Reached XP level 11. HP: 72/72 MP: 15/15
 12399 | D:9      | Found a staircase to the Lair.
 12588 | D:10     | Entered Level 10 of the Dungeon
 12646 | D:10     | Noticed a two-headed ogre
 12665 | D:10     | Killed a two-headed ogre
 12816 | D:10     | Found an iron altar of Okawaru.
 13083 | D:10     | Reached **** piety under Trog
 13281 | D:10     | Noticed a green ugly thing
 13298 | D:10     | Killed a green ugly thing
 13298 | D:10     | Reached skill level 11 in Fighting
 13526 | D:10     | Noticed a two-headed ogre
 13535 | D:10     | Killed a two-headed ogre
 13650 | D:10     | Noticed a two-headed ogre
 13663 | D:10     | Killed a two-headed ogre
 13663 | D:10     | Reached skill level 10 in Dodging
 13741 | D:10     | Noticed Erica
 13794 | D:10     | Killed Erica
 14567 | D:11     | Found a runed translucent door.
 14675 | D:11     | Found Buifa's Distillery.
 14702 | D:11     | Noticed a white ugly thing
 14728 | D:11     | Killed a white ugly thing
 14872 | D:11     | Bought a potion of heal wounds for 75 gold pieces
 14872 | D:11     | Bought a potion of heal wounds for 75 gold pieces
 15055 | D:11     | Noticed Fannar
 15329 | Lair:1   | Entered Level 1 of the Lair of Beasts
 15578 | Lair:1   | Reached skill level 5 in Shields
 15578 | Lair:1   | Reached XP level 12. HP: 74/81 MP: 17/17
 15708 | Lair:1   | Reached skill level 12 in Fighting
 16270 | Lair:1   | Noticed a five-headed hydra
 16285 | Lair:1   | Killed a five-headed hydra
 17987 | Lair:2   | Noticed a four-headed hydra
 18000 | Lair:2   | Killed a four-headed hydra
 18824 | Lair:2   | Noticed a catoblepas
 18855 | Lair:2   | Killed a catoblepas
 19175 | Lair:2   | Noticed a six-headed hydra
 19188 | Lair:2   | Killed a six-headed hydra
 19312 | Lair:2   | Found a hole to the Spider Nest.
 19369 | Lair:2   | Reached XP level 13. HP: 63/87 MP: 20/20
 20279 | Lair:3   | Found a glowing golden altar of the Shining One.
 20301 | Lair:3   | Noticed a six-headed hydra
 20317 | Lair:3   | Killed a six-headed hydra
 20317 | Lair:3   | Reached skill level 13 in Fighting
 20633 | Lair:3   | Reached skill level 10 in Evocations
 21112 | Lair:4   | Noticed Nergalle
 21324 | Lair:3   | Killed Nergalle
 22474 | Lair:4   | Found a staircase to the Shoals.
 23979 | Lair:5   | Noticed a dire elephant
 26078 | Lair:5   | Killed a dire elephant
 26381 | Lair:6   | Entered Level 6 of the Lair of Beasts
 26513 | Lair:6   | Reached skill level 14 in Fighting
 26551 | Lair:6   | Reached XP level 14. HP: 89/96 MP: 21/21
 27594 | Lair:6   | HP: 4/96 [poisoned by a black mamba]
 27599 | Lair:6   | HP: 3/96 [poisoned by a black mamba]
 27604 | Lair:6   | HP: 3/96 [poisoned by a black mamba]
 27612 | Lair:6   | HP: 3/96 [poisoned by a black mamba]
 28514 | Lair:6   | Received a gift from Trog
 29093 | Lair:6   | Reached skill level 5 in Armour
 30592 | Lair:6   | Found a staircase to the Slime Pits.
 31251 | Lair:5   | Reached skill level 15 in Fighting
 34039 | Lair:6   | Reached XP level 15. HP: 95/103 MP: 22/22
 34916 | Orc:1    | Entered Level 1 of the Orcish Mines
 35181 | Orc:1    | Noticed Urug
 35182 | Orc:1    | Found Elom's General Store.
 35199 | Orc:1    | Killed Urug
 35980 | Orc:2    | Entered Level 2 of the Orcish Mines
 36529 | Orc:2    | Received a gift from Trog
 37750 | Orc:2    | Found a staircase to the Elven Halls.
 38866 | Orc:2    | Noticed an orc warlord
 38886 | Orc:2    | Killed an orc warlord
 38904 | Orc:2    | Reached skill level 16 in Fighting
 40251 | Orc:2    | Found Agofeg's General Store.
 40252 | Orc:2    | Found Aweabrept's Jewellery Boutique.
 40255 | Orc:2    | Found Orhu's Antique Armour Boutique.
 40255 | Orc:2    | Found Eves Iturr's Antique Weapon Shop.
 40629 | Orc:2    | Bought the ring of Xuejorph {+Blink +Fly rN+ Int+3 Dex+2}
                  | for 554 gold pieces
 40632 | Orc:2    | Bought a scroll of identify for 30 gold pieces
 40632 | Orc:2    | Bought a scroll of identify for 30 gold pieces
 40634 | Orc:2    | Reached skill level 10 in Shields
 40634 | Orc:2    | Reached XP level 16. HP: 110/110 MP: 23/23
 40835 | D:11     | Noticed Rastanax's ghost (journeyman GrFi)
 41370 | D:11     | Noticed Harold
 41406 | D:10     | Killed Fannar
 41459 | D:11     | Killed Harold
 42255 | D:11     | Noticed Sonja
 42260 | D:11     | Killed Sonja
 42438 | D:12     | Received a gift from Trog
 43952 | Orc:2    | Bought a +3 plate armour of poison resistance for 630 gold
                  | pieces
 45231 | D:13     | Noticed Frances
 45238 | D:13     | Killed Frances
 46384 | D:7      | Killed Pikel
 46668 | D:11     | Killed Rastanax's ghost
 46680 | D:11     | Got an encrusted shortbow
 46686 | D:11     | Identified the +4 shortbow of Kecuiful {flame, *Drain
                  | Str+6} (You found it on level 11 of the Dungeon)
 46989 | D:14     | Reached skill level 15 in Dodging
 46989 | D:14     | Reached XP level 17. HP: 101/116 MP: 22/24
 47486 | D:14     | Reached skill level 17 in Fighting
 48938 | D:14     | Found a gate to the Vaults.
 49905 | D:15     | Entered Level 15 of the Dungeon
 49905 | D:15     | Noticed Louise
 50207 | Spider:1 | Entered Level 1 of the Spider Nest
 51123 | Spider:1 | Received a gift from Trog
 53608 | Elf:1    | Entered Level 1 of the Elven Halls
 57374 | Spider:1 | HP: 5/117 [demonic crawler (1)]
 57377 | Spider:1 | HP: 2/117 [demonic crawler (4)]
 58376 | Spider:1 | Reached XP level 18. HP: 41/124 MP: 3/26
 60160 | Spider:2 | Noticed Arachne
 60287 | Spider:2 | Killed Arachne
 61131 | Orc:1    | Bought 2 potions of heal wounds for 140 gold pieces
 61222 | D:5      | Bought a potion of heal wounds for 140 gold pieces
 61712 | Spider:3 | Noticed Aizul
 61735 | Spider:3 | Killed Aizul
 63128 | Spider:3 | Noticed Asterion
 63158 | Spider:3 | Killed Asterion
 63254 | Spider:3 | Identified the cursed +0 ring mail of Wemuocwa {Stlth+}
                  | (You found it on level 3 of the Spider Nest)
 63270 | Spider:3 | Reached skill level 10 in Armour
 63447 | Spider:4 | Entered Level 4 of the Spider Nest
 64221 | Spider:4 | Reached skill level 18 in Fighting
 66761 | Spider:4 | Reached ***** piety under Trog
 67718 | Spider:4 | Reached XP level 19. HP: 36/131 MP: 1/28
 68526 | Spider:4 | Got a gossamer rune of Zot
 68775 | Shoals:1 | Entered Level 1 of the Shoals
 68959 | Shoals:1 | You fall into a shaft and drop 1 floor!
 68977 | Shoals:2 | Noticed Ilsuiw
 69312 | Shoals:1 | Found a runed translucent door.
 69314 | Shoals:1 | Noticed Jopnatru's ghost (adept FoFi)
 69437 | Shoals:1 | Found a runed translucent door.
 69851 | Shoals:1 | Received a gift from Trog
 69946 | Shoals:1 | Reached skill level 1 in Crossbows
 71303 | Shoals:1 | Reached skill level 5 in Crossbows
 71308 | Shoals:1 | HP: 3/198 [merfolk javelineer/javelin (19)]
 72481 | Shoals:2 | Killed Ilsuiw
 75591 | Shoals:4 | Entered Level 4 of the Shoals
 76323 | Shoals:4 | Reached skill level 10 in Crossbows
 77859 | Shoals:4 | Killed from afar by a frost giant

Levels and vault maps discovered:
D:1:      dpeg_arrival_short_road, layout_basic
D:2:      layout_loops_corners, chequers_ecumenical_altar_grove, chequers_jeans,
          grunt_ministairs_9, uniq_jessica
D:3:      layout_rooms
D:4:      layout_basic, first_ration
D:5:      layout_loops_ring, gammafunk_ghost_icy, serial_shops, shop,
          uniq_eustachio, uniq_grinder
D:6:      layout_cave_pools, lemuel_crystal_altar, nicolae_ossuary_entry_ruins,
          uniq_prince_ribbit1
D:7:      layout_basic, temple_statues, serial_shops, shop, grunt_livestock,
          minmay_guarded_unrand_staff_of_olgreb, uniq_pikel
D:8:      layout_gridville
D:9:      layout_roguey, erik_lair_dragon, david_orc_3, uniq_psyche
D:10:     layout_grid_maze, okawaru_ov_weapons_minmay, uniq_erica
D:11:     layout_rooms, serial_shops, shop, ebering_ghost_reflecting_pool,
          uniq_fannar, uniq_harold, uniq_sonja
D:12:     hangedman_cross_stitches, layout_layer_cave
D:13:     layout_loops_ring, uniq_frances
D:14:     layout_long_grid, lightli_vaults_fourway_checkpoint,
          dk_noncrumbling_3, grunt_tough_drop
D:15:     gammafunk_depths_entry_grave, layout_basic, serial_shops,
          shop_fountains, uniq_louise, uniq_rupert
Lair:1:   layout_cave_pods, minmay_lair_oklob_chamber, grunt_megastairs_3
Lair:2:   wander_river, layout_small_grid, nicolae_spider_entry_tight_spaces
Lair:3:   dpeg_oklob_gauntlet, layout_chaotic_city, basic_altar,
          grunt_megastairs_5, serial_bayou_shore_a, serial_bayou_shore_b
Lair:4:   layout_regular_city, elwin_shoals_entry_rooms, grunt_megastairs_1,
          uniq_nergalle
Lair:5:   mu_elephants_graveyard, layout_long_grid, patterned_corridor,
          serial_bayou_shore_b
Lair:6:   hangedman_lair_tendril_chambers, layout_gridlike,
          minmay_slime_entry_pillars, portal_ice_cave_entry_imps,
          serial_bayou_ford_a, st_stairs_5, serial_bayou_pond_c,
          hibernation_bobbens
Shoals:1: layout_shoals, gammafunk_ghost_grave, lightli_airlock
Shoals:2: layout_shoals, uniq_ilsuiw
Shoals:3: layout_shoals
Shoals:4: shoals_end_grunt_ice, layout_shoals, serial_shops, shop,
          nicolae_shoals_wave_tunnel, uniq_polyphemus
Spider:1: layout_spider_delve, guppyfry_spider_mini_3
Spider:2: layout_spider_delve, uniq_arachne
Spider:3: layout_spider_delve, drop_trap, uniq_asterion, uniq_aizul
Spider:4: grunt_spider_rune_circles
Orc:1:    nicolae_orc_accident_1, layout_caves, serial_shops, shop, uniq_urug
Orc:2:    st_orc_congregation, layout_diamond_mine
Elf:1:    layout_gridlike, serial_shops, nicolae_shop_statue_plus,
          hangedman_elven_crosses_minicolossus, minmay_shop_grove

Skill      XL: |  1  2  3  4  5  6  7  8  9 10 11 12 13 14 15 16 17 18 19 |
---------------+----------------------------------------------------------+-----
Dodging        | 3 4 5 6 8 9 10 11 13 14 15 | 15.0
Short Blades   | 5 6 7 8 10 11 | 11.0
Fighting       | 4 5 6 8 10 11 12 14 15 16 17 18 | 18.7
Evocations     | 3 5 7 9 10 11 13 | 13.6
Shields        | 1 3 5 6 7 8 10 12 13 | 13.4
Armour         | 4 5 6 7 9 10 | 10.0
Crossbows      | 10 | 10.0

Action                   |  1- 3 |  4- 6 |  7- 9 | 10-12 | 13-15 | 16-18 | 19-21 || total
-------------------------+-------+-------+-------+-------+-------+-------+-------++-------
Melee: Short sword       |   144 |   174 |    85 |    38 |       |   182 |     2 ||   625
       Dagger            |       |       |   381 |   914 |  2838 |  1637 |       ||  5770
       Quick blade       |       |       |       |       |   322 |  2045 |  1351 ||  3718
 Fire: Hand crossbow     |       |       |       |       |       |       |   173 ||   173
Throw: Boomerang         |       |       |    15 |   211 |     5 |     1 |       ||   232
       Dart              |       |       |       |       |       |       |     1 ||     1
Invok: Berserk           |     1 |     8 |    12 |    21 |    55 |    32 |     6 ||   135
       Trog's Hand       |     1 |     2 |     4 |     7 |    20 |    25 |     8 ||    67
       Brothers in Arms  |       |       |       |       |     1 |     2 |     1 ||     4
 Abil: Evoke Flight      |       |       |       |       |       |     2 |       ||     2
       Evoke Blink       |       |       |       |       |       |     1 |       ||     1
Evoke: Wand              |       |       |     1 |     4 |    33 |    34 |    15 ||    87
       Staff of Olgreb   |       |       |       |       |       |     2 |       ||     2
  Use: Scroll            |       |     7 |     8 |    10 |    17 |    19 |     2 ||    63
       Potion            |       |       |       |     1 |     3 |    16 |     6 ||    26
 Stab: Invisible         |       |       |       |     2 |       |     3 |    19 ||    24
       Paralysed         |       |       |       |     1 |    14 |    16 |       ||    31
       Held in net/web   |       |       |       |       |       |     2 |       ||     2
  Eat: Chunk             |    12 |    18 |    26 |    43 |   115 |    90 |    45 ||   349
       Ration            |       |       |     1 |     1 |    11 |    18 |       ||    31
Armor: Animal skin       |    13 |       |       |       |       |       |       ||    13
       Ring mail         |    11 |    27 |       |       |       |       |       ||    38
       Scale mail        |       |    20 |    41 |       |       |       |       ||    61
       Chain mail        |       |       |    24 |   111 |   346 |    64 |   134 ||   679
       Plate armour      |       |       |       |       |       |   988 |    52 ||  1040
Dodge: Dodged            |   126 |   105 |   120 |   224 |   875 |  1430 |   373 ||  3253
Block: Shield            |       |       |    32 |   369 |  1418 |  2219 |   752 ||  4790
       Reflection        |       |       |     3 |    12 |    30 |    52 |    59 ||   156
       Other             |       |       |     2 |       |       |       |       ||     2
